 Dungeon Crawl Stone Soup version 0.18.1-50-g88ac8fd (webtiles) character file.

98829 Holeefuk the Fencer (level 16, 131/131 HPs)
             Began as a Formicid Fighter on Sept 30, 2016.
             Was a High Priest of the Shining One.
             Quit the game on level 1 of the Spider Nest on Oct 5, 2016.
             The game lasted 02:17:52 (23783 turns).

Holeefuk the Fencer (Formicid Fighter)             Turns: 23783, Time: 02:17:52

Health: 131/131    AC: 22    Str: 23    XL:     16   Next: 74%
Magic:  30/30      EV: 16    Int:  8    God:    the Shining One [*****.]
Gold:   2338       SH: 25    Dex: 11    Spells: 0 memorised, 15 levels left

rFire  . . .     SeeInvis +     M - +6 great sword
rCold  . . .     Gourm    .     b - +0 scale mail
rNeg   + + .     Faith    .     t - +5 large shield "Raxorun" {rPois MR++ MP+9 Dex-4}
rPois  +         Spirit   .     (helmet unavailable)
rElec  .         Dismiss  .     q - +2 cloak
rCorr  .         Reflect  .     w - +0 pair of gloves
SustAt .         Harm     .     i - +1 pair of boots {Stlth+}
MR     +++..                    (no amulet)
Stlth  +.........               G - +2 ring of evasion
                                l - +5 ring of protection

@: glowing, extremely resistant to hostile enchantments, very unstealthy
A: permanent stasis, dig shafts and tunnels, four strong arms, antennae 3
a: Dig, Shaft Self, Divine Shield, Cleansing Flame, Summon Divine Warrior,
Renounce Religion


You were on level 1 of the Spider Nest.
You worshipped the Shining One.
The Shining One was extremely pleased with you.
You were not hungry.

You visited 6 branches of the dungeon, and saw 27 of its levels.
You also visited: Ice Cave.

You collected 2642 gold pieces.
You spent 304 gold pieces at shops.

Inventory:

Hand Weapons
 M - a +6 great sword (weapon)
 O - a +2 great sword of holy wrath
Armour
 b - a +0 scale mail (worn)
 i - a +1 pair of boots of stealth (worn)
 q - a +2 cloak (worn)
 t - the +5 large shield "Raxorun" (worn) {rPois MR++ MP+9 Dex-4}
   (You found it on level 5 of the Lair of Beasts)

   It affects your dexterity (-4).
   It protects you from poison.
   It affects your resistance to hostile enchantments.
   It affects your magic capacity (+9).
 w - a +0 pair of gloves (worn)
Jewellery
 j - an uncursed ring of protection from fire
 l - a +5 ring of protection (left hand)
 r - an uncursed ring of flight
 A - an uncursed ring of protection from cold
 G - a +2 ring of evasion (right hand)
Wands
 k - a wand of paralysis (15/24)
 y - a wand of iceblast (6/15)
 z - a wand of polymorph (9/24)
 U - a wand of confusion (23/48)
 W - a wand of slowing (14/48)
 Z - a wand of acid (1/15)
Scrolls
 a - 6 scrolls of identify
 c - a scroll of silence
 e - 8 scrolls of remove curse
 g - 5 scrolls of recharging
 s - 4 scrolls of magic mapping
 v - 5 scrolls of fear
 J - 2 scrolls of fog
 T - a scroll of enchant weapon
Potions
 d - 5 potions of might
 h - 4 potions of curing
 n - 6 potions of flight
 C - a potion of cure mutation
 D - 2 potions of agility
 L - 2 potions of ambrosia
 N - 2 potions of cancellation
 S - a potion of heal wounds
Books
 R - an Akashic Record

   Spells                             Type                      Level
   a - Dispersal                      Translocation                6
   b - Malign Gateway                 Summoning/Translocation      7
   c - Disjunction                    Translocation                8
   d - Controlled Blink               Translocation                8
 Y - a book of Flames

   Spells                             Type                      Level
   a - Flame Tongue                   Conjuration/Fire             1
   b - Throw Flame                    Conjuration/Fire             2
   c - Conjure Flame                  Conjuration/Fire             3
   d - Inner Flame                    Hexes/Fire                   3
   e - Sticky Flame                   Conjuration/Fire             4
   f - Fireball                       Conjuration/Fire             5
Comestibles
 f - 16 bread rations
 p - 12 slices of pizza
 u - 6 fruits
 B - 5 beef jerkies
 K - 2 royal jellies
 P - 4 meat rations


   Skills:
 - Level 13.5 Fighting
 + Level 15.8 Long Blades
 - Level 12.5 Armour
 - Level 9.0 Dodging
 - Level 15.0 Shields
 - Level 7.2 Invocations


You had 15 spell levels left.
You didn't know any spells.

Dungeon Overview and Level Annotations

Branches:
Dungeon (14/15)            Temple (1/1) D:7            Lair (8/8) D:10
 Spider (1/4) Lair:5        Slime (0/6) Lair:8          Orc (2/2) D:12
    Elf (1/3) Orc:2        Vaults (0/5) D:14
  Swamp: Lair:3-6    Shoals: Lair:3-6

Altars:
Ashenzari
Cheibriados
Dithmenos
Elyvilon
Fedhas
Gozag
Kikubaaqudgha
Makhleb
Nemelex Xobeh
Okawaru
Pakellas
Qazlal
Ru
Sif Muna
Trog
Vehumet
Xom
Yredelemnul
Zin
The Shining One

Shops:
D:8 :   Orc:1 [   Orc:2 ([=*

Portals:
Trove: D:10 (give 2 scrolls of acquirement)

Annotations:
D:14 exclusions: downstairs and 1 more exclusion


Innate Abilities, Weirdness & Mutations

You are under a permanent stasis effect.
You can dig through walls and to a lower floor.
Your four strong arms can wield two-handed weapons with a shield.
You have a pair of large antennae on your head (SInv).


Message History

You slash the jumping spider!
The jumping spider is almost dead.
You block the jumping spider's attack.
The jumping spider bites you but does no damage.
You block the jumping spider's attack. x2
You slash the jumping spider!
You kill the jumping spider!
Read which item? (? for menu, Esc to quit)
Okay, then.
(D) Dungeon (T) Temple (L) Lair (N) Spider Nest (M) Slime Pits (O) Orcish Mines (E) Elven Halls (V) Vaults
Where to? (Enter - Spider:1, ? - help)
Okay, then.
Search for what [Enter for "orc", or ? for help]?
Okay, then.
Search for what [Enter for "orc", or ? for help]? quit Can't find anything matching that.
Search for what [Enter for "quit", or ? for help]?
Okay, then.
Are you sure you want to abandon this character and quit the game? (Confirm with "yes".)

.... . ... ##
.# ###.. #.#
.. #...
#..##. #§†##
.....###...#{
##...#.#.^.#
#^...#^.<###
#.@.†..#
##..####
#.... {
......#
#...####{{
#..#.. {
#####. { !


There were no monsters in sight!

Vanquished Creatures
  A frost giant (IceCv)
  2 orc warlords
  Nessos (Orc:2)
  2 ettins (Orc:2)
  2 vault guards (D:14)
  An ice dragon (Lair:4)
  A death knight (D:12)
  A centaur warrior (D:14)
  8 death yaks
  2 tengu warriors
  5 orc high priests (Orc:2)
  Nergalle (D:12)
  2 skeletal warriors (D:12)
  An unseen horror (D:11)
  5 hill giants
  A lindwurm (Lair:7)
  A deep elf archer (D:14)
  An oklob plant (Lair:1)
  6 orc knights
  2 manticores
  2 cyclopes (D:14)
  3 wizards (D:14)
  5 orc sorcerers
  10 deep elf magi
  3 griffons
  6 elephants (Lair:8)
  An ice statue (IceCv)
  3 black mambas
  A torpor snail (Lair:7)
  12 spiny frogs
  A freezing wraith (D:12)
  A rime drake (shapeshifter) (D:14)
  3 rime drakes
  5 yaktaurs (D:10)
  A tengu conjurer (D:13)
  7 komodo dragons
  A harpy zombie (D:14)
  2 jumping spiders (Spider:1)
  2 trolls
  13 polar bears
  A queen bee (shapeshifter) (D:14)
  A wolf spider simulacrum (D:13)
  9 slime creatures (D:13)
  A two-headed ogre (D:13)
  11 blink frogs
  A hornet zombie (D:14)
  A centaur simulacrum (D:13)
  A vampire (D:10)
  2 redbacks
  98 yaks
  2 wraiths
  19 humans
  The ghost of tap556 the Chopper, an amateur MiBe of Trog (D:3)
  8 basilisks
  3 wyverns
  6 fire bats (Lair:5)
  2 hungry ghosts
  10 hippogriffs
  6 wargs
  A harpy simulacrum (D:14)
  14 water moccasins
  The ghost of HooHaw the Sneak, an amateur VSAs (D:4)
  13 porcupines
  31 orc warriors
  8 sky beasts
  A necrophage (D:9)
  3 phantoms
  2 black bears
  An eye of draining (D:8)
  12 ice beasts
  9 ogres
  21 wolves
  5 centaurs
  23 crocodiles
  3 big kobolds
  21 giant frogs
  A water moccasin zombie (D:12)
  2 wyvern zombies
  4 wyvern skeletons
  4 scorpions
  16 killer bees
  4 wights (D:8)
  2 electric eels
  5 howler monkeys
  A wasp zombie (D:13)
  A wyvern simulacrum (D:13)
  3 hounds (D:14)
  4 centaur zombies
  6 crimson imps
  3 giant frog skeletons
  2 giant frog zombies
  3 jellies
  2 centaur skeletons
  10 orc priests
  10 iguanas
  Terence (D:3)
  Ijyb (D:2)
  20 orc wizards
  8 worker ants
  35 sheep
  A giant frog simulacrum (D:13)
  A hound zombie (D:10)
  A howler monkey skeleton (D:4)
  13 adders
  23 river rats
  5 shadow imps
  A white imp (D:13)
  2 ufetubi (D:13)
  3 oozes
  2 adder skeletons
  2 adder zombies
  3 worms
  5 dart slugs
  3 giant geckos
  69 orcs
  6 bats
  6 giant cockroaches
  7 goblins
  9 hobgoblins
  19 jackals
  4 quokkas
  5 ball pythons
  A giant gecko skeleton (D:5)
  15 giant newts
  2 jackal skeletons (D:4)
  22 kobolds
  A quokka skeleton (D:7)
  9 rats
868 creatures vanquished.

Vanquished Creatures (others)
  A tengu conjurer (D:14)
  4 wolves (IceCv)
  5 sheep (Lair:2)
  5 bushes
  12 fungi
  13 plants
40 creatures vanquished.

Grand Total: 908 creatures vanquished

Notes
Turn   | Place    | Note
--------------------------------------------------------------
     0 | D:1      | Holeefuk the Formicid Fighter began the quest for the Orb.
     0 | D:1      | Reached XP level 1. HP: 18/18 MP: 1/1
   217 | D:1      | Reached XP level 2. HP: 24/24 MP: 2/2
   429 | D:1      | Reached XP level 3. HP: 24/29 MP: 3/3
   914 | D:2      | Reached XP level 4. HP: 35/35 MP: 4/4
  1182 | D:2      | Found a stormy altar of Qazlal.
  1215 | D:2      | Noticed Ijyb
  1241 | D:2      | Killed Ijyb
  1241 | D:2      | Reached XP level 5. HP: 22/42 MP: 5/5
  1659 | D:3      | Noticed tap556's ghost (amateur MiBe)
  1673 | D:3      | Killed tap556's ghost
  1673 | D:3      | Reached skill level 5 in Long Blades
  1673 | D:3      | Reached XP level 6. HP: 35/48 MP: 6/6
  1771 | D:3      | Found a shattered altar of Ashenzari.
  1775 | D:3      | Found a burning altar of Makhleb.
  1775 | D:3      | Found a blossoming altar of Fedhas.
  1796 | D:3      | Found a glowing silver altar of Zin.
  1808 | D:3      | Noticed Terence
  1819 | D:3      | Killed Terence
  1819 | D:3      | Reached XP level 7. HP: 54/54 MP: 7/7
  1891 | D:3      | Reached skill level 1 in Dodging
  2784 | D:4      | Noticed HooHaw's ghost (amateur VSAs)
  2797 | D:4      | Killed HooHaw's ghost
  2797 | D:4      | Reached skill level 5 in Fighting
  2797 | D:4      | Reached XP level 8. HP: 44/64 MP: 8/8
  2801 | D:4      | Found a shadowy altar of Dithmenos.
  3021 | D:5      | Entered Level 5 of the Dungeon
  3044 | D:5      | Found a bloodstained altar of Trog.
  3510 | D:5      | Found a snail-covered altar of Cheibriados.
  4230 | D:5      | Reached XP level 9. HP: 42/75 MP: 9/9
  4247 | D:6      | Reached skill level 5 in Shields
  4283 | D:6      | Found an iron altar of Okawaru.
  4427 | D:6      | Reached skill level 5 in Armour
  4854 | D:7      | Found a staircase to the Ecumenical Temple.
  4942 | Temple   | Entered the Ecumenical Temple
  4965 | Temple   | Became a worshipper of the Shining One
  5482 | D:7      | The Shining One protects you from harm!
  5507 | D:7      | Reached XP level 10. HP: 23/82 MP: 10/10
  6547 | D:8      | Gained mutation: Potions and wands are less effective at restoring your health. [mutagenic meat]
  6548 | D:8      | Gained mutation: You evolve. [mutagenic meat]
  6572 | D:8      | Reached skill level 10 in Long Blades
  6580 | D:8      | Reached * piety under the Shining One
  6642 | D:8      | Found an ancient bone altar of Kikubaaqudgha.
  6714 | D:8      | Lost mutation: Potions and wands are less effective at restoring your health. [evolution]
  6802 | D:8      | Found Sonnisur's Book Shop.
  7101 | D:9      | Found a white marble altar of Elyvilon.
  7189 | D:9      | Reached ** piety under the Shining One
  7456 | D:9      | Found a basalt altar of Yredelemnul.
  7624 | D:10     | Entered Level 10 of the Dungeon
  7624 | D:10     | Found a blossoming altar of Fedhas.
  7632 | D:10     | Noticed a yaktaur
  7634 | D:10     | Noticed a yaktaur
  7647 | D:10     | Killed a yaktaur
  7669 | D:10     | Killed a yaktaur
  7673 | D:10     | Noticed a yaktaur
  7677 | D:10     | Noticed a yaktaur
  7679 | D:10     | You fall through a shaft!
  7683 | D:11     | Lost mutation: You evolve. [potion of cure mutation]
  7967 | D:11     | Reached XP level 11. HP: 59/87 MP: 11/11
  8021 | D:11     | Noticed a manticore
  8027 | D:11     | Killed a manticore
  8027 | D:11     | Reached skill level 5 in Dodging
  8054 | D:11     | Noticed an unseen horror
  8064 | D:11     | Killed an unseen horror
  8615 | D:10     | You fall through a shaft!
  8859 | D:12     | Noticed a manticore
  8872 | D:12     | Killed a manticore
  8877 | D:13     | Found a frozen archway.
  9130 | IceCv    | Entered an ice cave
  9150 | IceCv    | Reached skill level 1 in Invocations
  9193 | IceCv    | Reached XP level 12. HP: 62/96 MP: 13/13
  9533 | IceCv    | Reached skill level 10 in Fighting
  9952 | IceCv    | Reached *** piety under the Shining One
  9982 | IceCv    | Noticed a death yak
  9993 | IceCv    | Killed a death yak
 10038 | IceCv    | Noticed a death yak
 10038 | IceCv    | Noticed a frost giant
 10038 | IceCv    | Noticed a death yak
 10052 | IceCv    | Killed a death yak
 10055 | IceCv    | Killed a death yak
 10059 | IceCv    | The Shining One protects you from harm!
 10070 | IceCv    | Killed a frost giant
 10073 | IceCv    | Reached XP level 13. HP: 17/111 MP: 14/14
 10983 | D:12     | Found a staircase to the Orcish Mines.
 11609 | D:12     | Noticed Nergalle
 11621 | D:12     | Killed Nergalle
 12196 | D:13     | Reached **** piety under the Shining One
 12327 | D:13     | The Shining One protects you from harm!
 12425 | Orc:1    | Entered Level 1 of the Orcish Mines
 12637 | Orc:1    | Found Naxavic's Antique Armour Shoppe.
 12667 | Orc:1    | Reached skill level 5 in Invocations
 12754 | Orc:1    | Reached XP level 14. HP: 82/118 MP: 18/18
 12761 | Orc:1    | Noticed an orc warlord
 12798 | Orc:1    | Killed an orc warlord
 13149 | Orc:1    | HP: 4/118 [burnt (7)]
 13496 | Orc:2    | Entered Level 2 of the Orcish Mines
 13584 | Orc:2    | Noticed an orc warlord
 13604 | Orc:2    | Killed an orc warlord
 13604 | Orc:2    | Reached skill level 10 in Armour
 13626 | Orc:2    | Found Witof's Jewellery Boutique.
 13672 | Orc:2    | Reached skill level 10 in Shields
 13889 | Orc:2    | Found Kampiuxt's Antique Armour Shoppe.
 14098 | Orc:1    | Bought a warped shield for 304 gold pieces
 14108 | Orc:1    | Identified the +0 shield of the Other Side {rPois} (You bought it in a shop on level 1 of the Orcish Mines)
 14280 | Orc:2    | Found a staircase to the Elven Halls.
 14491 | Orc:2    | Found Pufath's General Store.
 14706 | Orc:2    | Found Alit's Antique Weapon Shop.
 14807 | Orc:2    | Noticed Nessos
 14837 | Orc:2    | Killed Nessos
 14978 | Elf:1    | Entered Level 1 of the Elven Halls
 15684 | D:14     | Reached XP level 15. HP: 124/124 MP: 20/20
 15709 | D:14     | Reached ***** piety under the Shining One
 16115 | D:14     | Found a gate to the Vaults.
 16144 | D:14     | Reached skill level 15 in Long Blades
 16935 | D:10     | Found a portal to a secret trove of treasure.
 17148 | D:10     | Found a staircase to the Lair.
 17503 | Lair:1   | Entered Level 1 of the Lair of Beasts
 17517 | Lair:1   | Identified a scroll of acquirement
 18687 | Lair:2   | Found a shimmering altar of Xom.
 20063 | Lair:5   | Found a hole to the Spider Nest.
 20467 | Lair:5   | Got a heavily runed large shield
 20629 | Lair:5   | Reached XP level 16. HP: 128/131 MP: 21/21
 20697 | Lair:5   | Identified the +5 large shield "Raxorun" {rPois MR++ MP+9 Dex-4} (You found it on level 5 of the Lair of Beasts)
 22273 | Lair:8   | Entered Level 8 of the Lair of Beasts
 22380 | Lair:7   | You fall through a shaft!
 22615 | Lair:7   | You fall through a shaft!
 22747 | Lair:7   | You fall through a shaft!
 22908 | Lair:8   | Reached skill level 15 in Shields
 22927 | Lair:8   | Found a staircase to the Slime Pits.
 23757 | Spider:1 | Entered Level 1 of the Spider Nest
 23783 | Spider:1 | Quit the game

Skill      XL: |  1  2  3  4  5  6  7  8  9 10 11 12 13 14 15 16 |
---------------+-------------------------------------------------+-----
Long Blades    | 3 4 5 6 8 10 13 14 15 | 15.8
Fighting       | 4 5 8 9 13 | 13.5
Dodging        | 2 3 8 9 |  9.0
Shields        | 4 5 7 8 11 15 | 15.0
Armour         | 6 8 10 12 | 12.5
Invocations    | 2 6 7 |  7.2

Action                   |  1- 3 |  4- 6 |  7- 9 | 10-12 | 13-15 | 16-18 || total
-------------------------+-------+-------+-------+-------+-------+-------++-------
Melee: Long sword        |    87 |   161 |   565 |   140 |       |       ||   953
       Great sword       |       |       |       |   451 |  1259 |   529 ||  2239
Invok: Divine Shield     |       |       |       |     7 |    14 |       ||    21
 Abil: Dig               |       |       |     1 |    23 |    21 |     4 ||    49
       Shaft Self        |       |       |       |     2 |       |     3 ||     5
Evoke: Wand              |       |       |       |       |     2 |       ||     2
  Use: Potion            |       |     1 |     2 |     9 |     6 |     1 ||    19
       Scroll            |       |       |       |    17 |     5 |     3 ||    25
  Eat: Chunk             |       |     3 |    12 |    19 |    29 |    12 ||    75
       Fruit             |       |       |       |     2 |     4 |       ||     6
       Beef jerky        |       |       |       |     1 |       |       ||     1
       Meat ration       |       |       |       |       |     1 |       ||     1
       Royal jelly       |       |       |       |       |     1 |       ||     1
Armor: Scale mail        |    41 |    78 |   216 |   173 |   315 |    91 ||   914
       Skin              |       |     1 |       |       |       |       ||     1
Dodge: Dodged            |    24 |    43 |   206 |   217 |   490 |   111 ||  1091
Block: Shield            |    49 |    81 |   275 |   300 |   719 |     1 ||  1425
       Large shield      |       |       |       |       |       |   531 ||   531
